[ AOE2 MATCH · #468217161 ]
UnrankedSlavs vs Franks
[ REPLAY ANALYSIS · EXTRACTED FROM THE RECORDED GAME ]
Feudal
13:30
Castle
17:03
Imperial
36:04
| APM avg | 65.5 |
| APM peak | 113 |
| eAPM avg | 36.3 |
| Villagers / military | 151 / 93 |
Focus
⚔️ 23.9% · 🌾 76.1%
Boyar ×77 · Unknown (2626) ×11 · Fishing Ship ×8 · Fire Galley ×7 · Battering Ram ×4 · Trebuchet (Packed) ×3
Feudal
14:01
Castle
18:34
Imperial
36:40
| APM avg | 39.4 |
| APM peak | 71 |
| eAPM avg | 19.0 |
| Villagers / military | 100 / 46 |
Focus
⚔️ 23.8% · 🌾 76.2%
Knight ×35 · Fishing Ship ×6 · Monk ×4 · Trebuchet (Packed) ×4 · Mangonel ×2 · Scout Cavalry ×1
Feudal
11:49
Castle
25:02
Imperial
38:46
| APM avg | 48.1 |
| APM peak | 71 |
| eAPM avg | 24.3 |
| Villagers / military | 109 / 75 |
Focus
⚔️ 29.4% · 🌾 70.6%
Leitis ×55 · Fishing Ship ×40 · Unknown (2626) ×25 · Galley ×15 · Monk ×3 · Militia ×1
Feudal
11:21
Castle
20:10
Imperial
40:20
| APM avg | 37.2 |
| APM peak | 110 |
| eAPM avg | 19.1 |
| Villagers / military | 102 / 37 |
Focus
⚔️ 44.1% · 🌾 55.9%
Unknown (2579) ×48 · Archer ×36 · Fishing Ship ×6 · Spearman ×1
Match map
Initial resources + every placement click. Lines = walls · curves = elevation contours. ◆ gold · ⬟ stone · ● berries · ✦ relic · ◌ wall gap
Your base· Open — unwalled flank
Assmodey's base· Open — unwalled flank
BOA's base· Open — unwalled flank
dodo's base· Open — unwalled flank
Smoothed initial terrain · ◌ = detected wall gap · hover for details
Inputs per minute
— TheAntman - - Assmodey
Build order — TheAntman
First 150 of 430 actions detected
| 0:12 | Build | Town Center |
| 0:17 | Build | Dock |
| 0:19 | Build | House |
| 0:23 | Build | House |
| 2:29 | Create | Villager (Male) |
| 2:29 | Create | Villager (Male) |
| 2:29 | Create | Villager (Male) |
| 2:30 | Create | Villager (Male) |
| 2:30 | Create | Villager (Male) |
| 3:25 | Create | Villager (Male) |
| 3:25 | Create | Villager (Male) |
| 3:29 | Create | Fishing Ship |
| 3:57 | Build | House |
| 4:40 | Create | Villager (Male) |
| 5:04 | Create | Villager (Male) |
| 5:04 | Create | Villager (Male) |
| 5:08 | Create | Fishing Ship |
| 5:26 | Create | Villager (Male) |
| 5:27 | Create | Villager (Male) |
| 5:33 | Build | House |
| 5:51 | Build | House |
| 5:54 | Create | Villager (Male) |
| 5:54 | Create | Villager (Male) |
| 6:15 | Create | Villager (Male) |
| 6:15 | Create | Villager (Male) |
| 6:27 | Create | Fishing Ship |
| 6:27 | Create | Fishing Ship |
| 6:34 | Build | House |
| 6:42 | Create | Villager (Male) |
| 7:06 | Create | Villager (Male) |
| 7:10 | Create | Fishing Ship |
| 7:34 | Create | Villager (Male) |
| 7:34 | Create | Villager (Male) |
| 7:37 | Create | Fishing Ship |
| 7:42 | Build | House |
| 7:52 | Create | Villager (Male) |
| 8:20 | Create | Villager (Male) |
| 8:23 | Build | House |
| 8:38 | Create | Fishing Ship |
| 9:02 | Create | Fishing Ship |
| 9:07 | Build | House |
| 9:11 | Create | Villager (Male) |
| 9:21 | Create | Villager (Male) |
| 9:43 | Build | Mining Camp |
| 9:56 | Create | Villager (Male) |
| 10:15 | Create | Villager (Male) |
| 10:26 | Build | Mill |
| 10:30 | Build | House |
| 10:44 | Create | Villager (Male) |
| 11:08 | Build | Dock |
| 11:10 | Research | Feudal Age |
| 11:10 | Research | Loom |
| 12:53 | Build | Lumber Camp |
| 13:26 | Create | Villager (Male) |
| 13:30 | Age | Feudal Age |
| 13:32 | Build | Market |
| 13:39 | Build | Blacksmith |
| 13:45 | Research | Loom |
| 13:51 | Research | Double-Bit Axe |
| 14:14 | Build | Palisade Wall |
| 14:19 | Build | Mining Camp |
| 14:23 | Research | Castle Age |
| 14:23 | Research | Castle Age |
| 14:41 | Build | Mill |
| 15:12 | Research | Horse Collar |
| 15:14 | Research | Town Watch |
| 15:51 | Create | Fire Galley |
| 15:53 | Create | Fire Galley |
| 16:26 | Create | Villager (Male) |
| 16:49 | Create | Fire Galley |
| 17:03 | Age | Castle Age |
| 17:06 | Build | Castle |
| 17:25 | Research | Bow Saw |
| 17:26 | Create | Villager (Male) |
| 17:47 | Create | Villager (Male) |
| 17:57 | Create | Fire Galley |
| 18:13 | Create | Villager (Male) |
| 18:24 | Research | War Galley (upgrade) |
| 18:26 | Create | Villager (Male) |
| 18:35 | Create | Fire Galley |
| 18:35 | Create | Villager (Male) |
| 18:46 | Build | Lumber Camp |
| 19:08 | Create | Villager (Male) |
| 19:25 | Create | Villager (Male) |
| 19:31 | Build | House |
| 19:34 | Create | Boyar |
| 19:56 | Create | Villager (Male) |
| 20:01 | Create | Boyar |
| 20:03 | Create | Villager (Male) |
| 20:05 | Build | Town Center |
| 20:14 | Build | Farm |
| 20:22 | Create | Villager (Male) |
| 20:27 | Create | Fire Galley |
| 20:27 | Create | Fire Galley |
| 20:30 | Build | House |
| 20:33 | Create | Villager (Male) |
| 20:41 | Create | Villager (Male) |
| 20:49 | Research | Scale Barding Armor |
| 20:55 | Create | Boyar |
| 21:08 | Create | Villager (Male) |
| 21:11 | Build | House |
| 21:20 | Create | Boyar |
| 21:21 | Create | Villager (Male) |
| 21:26 | Build | Town Center |
| 21:29 | Create | Villager (Male) |
| 21:31 | Build | Farm |
| 21:33 | Create | Villager (Male) |
| 22:00 | Create | Unit 2626 |
| 22:05 | Create | Unit 2626 |
| 22:06 | Create | Villager (Male) |
| 22:17 | Create | Unit 2626 |
| 22:24 | Create | Villager (Male) |
| 22:26 | Build | Farm |
| 22:26 | Build | Farm |
| 22:27 | Build | Farm |
| 22:31 | Create | Villager (Male) |
| 22:32 | Create | Villager (Male) |
| 22:34 | Build | Farm |
| 22:36 | Create | Villager (Male) |
| 22:43 | Create | Boyar |
| 22:49 | Create | Villager (Male) |
| 22:50 | Build | Farm |
| 22:51 | Build | Farm |
| 22:53 | Build | Farm |
| 23:06 | Create | Unit 2626 |
| 23:10 | Create | Villager (Male) |
| 23:12 | Build | House |
| 23:13 | Build | House |
| 23:19 | Create | Villager (Male) |
| 23:20 | Create | Villager (Male) |
| 23:21 | Build | Farm |
| 23:22 | Build | Farm |
| 23:31 | Create | Unit 2626 |
| 23:32 | Create | Unit 2626 |
| 23:42 | Create | Unit 2626 |
| 23:42 | Create | Unit 2626 |
| 23:48 | Create | Villager (Male) |
| 23:49 | Build | Farm |
| 23:50 | Build | Farm |
| 24:01 | Create | Villager (Male) |
| 24:02 | Create | Villager (Male) |
| 24:02 | Create | Villager (Male) |
| 24:04 | Create | Villager (Male) |
| 24:05 | Build | Farm |
| 24:07 | Build | Farm |
| 24:15 | Create | Boyar |
| 24:24 | Build | Farm |
| 24:26 | Build | Farm |
| 24:30 | Create | Villager (Male) |
| 24:38 | Create | Unit 2626 |
Build order — Assmodey
First 150 of 238 actions detected
| 0:56 | Build | Town Center |
| 1:08 | Build | Dock |
| 1:10 | Build | House |
| 2:57 | Create | Villager (Male) |
| 2:58 | Create | Villager (Male) |
| 2:58 | Create | Villager (Male) |
| 2:58 | Create | Villager (Male) |
| 2:58 | Create | Villager (Male) |
| 4:00 | Create | Fishing Ship |
| 4:18 | Research | Loom |
| 4:30 | Build | House |
| 4:32 | Create | Villager (Male) |
| 5:13 | Create | Fishing Ship |
| 5:32 | Create | Villager (Male) |
| 5:54 | Create | Villager (Male) |
| 5:54 | Create | Villager (Male) |
| 6:25 | Create | Villager (Male) |
| 6:26 | Create | Villager (Male) |
| 6:31 | Build | House |
| 6:41 | Create | Villager (Male) |
| 7:05 | Create | Villager (Male) |
| 7:05 | Create | Villager (Male) |
| 7:09 | Create | Fishing Ship |
| 7:25 | Build | House |
| 7:51 | Create | Villager (Male) |
| 7:52 | Create | Villager (Male) |
| 7:58 | Build | House |
| 8:37 | Create | Fishing Ship |
| 8:52 | Create | Villager (Male) |
| 9:03 | Create | Villager (Male) |
| 9:31 | Create | Villager (Male) |
| 9:49 | Build | Mill |
| 9:52 | Create | Fishing Ship |
| 10:11 | Create | Villager (Male) |
| 10:12 | Create | Villager (Male) |
| 10:38 | Create | Fishing Ship |
| 10:50 | Create | Villager (Male) |
| 11:09 | Build | House |
| 11:10 | Build | House |
| 11:14 | Create | Villager (Male) |
| 11:20 | Build | Lumber Camp |
| 11:49 | Research | Feudal Age |
| 12:37 | Build | Barracks |
| 13:05 | Create | Villager (Male) |
| 13:05 | Create | Villager (Male) |
| 14:01 | Age | Feudal Age |
| 14:03 | Build | Stable |
| 14:21 | Build | Blacksmith |
| 14:29 | Research | Double-Bit Axe |
| 15:04 | Create | Villager (Male) |
| 15:19 | Build | Blacksmith |
| 15:28 | Create | Villager (Male) |
| 15:54 | Research | Castle Age |
| 15:59 | Research | Scale Barding Armor |
| 16:05 | Build | House |
| 16:37 | Research | Fletching |
| 17:29 | Build | Market |
| 17:51 | Create | Villager (Male) |
| 18:18 | Build | House |
| 18:34 | Age | Castle Age |
| 18:38 | Create | Knight |
| 18:41 | Build | Siege Workshop |
| 18:49 | Create | Villager (Male) |
| 19:30 | Create | Villager (Male) |
| 19:30 | Create | Villager (Male) |
| 19:37 | Create | Mangonel |
| 19:57 | Create | Villager (Male) |
| 20:05 | Build | Town Center |
| 20:08 | Create | Knight |
| 20:30 | Build | Monastery |
| 20:33 | Create | Villager (Male) |
| 20:41 | Build | Farm |
| 20:42 | Build | Farm |
| 20:46 | Create | Knight |
| 20:47 | Create | Knight |
| 21:08 | Create | Villager (Male) |
| 21:08 | Create | Villager (Male) |
| 21:10 | Research | Wheelbarrow |
| 21:17 | Create | Monk |
| 21:21 | Build | House |
| 21:30 | Build | Farm |
| 21:32 | Build | Farm |
| 21:34 | Build | House |
| 21:35 | Create | Villager (Male) |
| 21:39 | Build | Farm |
| 21:48 | Create | Villager (Male) |
| 21:57 | Create | Villager (Male) |
| 22:13 | Build | Farm |
| 22:17 | Build | House |
| 22:27 | Build | Farm |
| 22:28 | Create | Villager (Male) |
| 22:37 | Create | Knight |
| 22:46 | Create | Villager (Male) |
| 22:51 | Build | Farm |
| 22:54 | Build | Farm |
| 23:07 | Create | Villager (Male) |
| 23:48 | Build | Farm |
| 23:48 | Build | Farm |
| 23:55 | Create | Villager (Male) |
| 24:08 | Create | Knight |
| 24:08 | Create | Knight |
| 24:10 | Create | Villager (Male) |
| 24:10 | Create | Villager (Male) |
| 24:12 | Build | Farm |
| 24:26 | Build | Farm |
| 24:27 | Create | Villager (Male) |
| 24:41 | Create | Knight |
| 24:43 | Create | Villager (Male) |
| 24:43 | Create | Villager (Male) |
| 24:53 | Create | Scout Cavalry |
| 24:57 | Create | Villager (Male) |
| 25:08 | Create | Monk |
| 25:23 | Create | Villager (Male) |
| 25:23 | Create | Villager (Male) |
| 25:35 | Create | Villager (Male) |
| 25:35 | Create | Villager (Male) |
| 25:51 | Create | Knight |
| 26:06 | Create | Villager (Male) |
| 26:06 | Create | Villager (Male) |
| 26:26 | Build | Town Center |
| 26:42 | Build | House |
| 26:43 | Build | House |
| 26:58 | Research | Chain Barding Armor |
| 26:58 | Research | Chain Barding Armor |
| 27:08 | Create | Villager (Male) |
| 27:14 | Create | Mangonel |
| 27:22 | Create | Villager (Male) |
| 27:36 | Create | Villager (Male) |
| 27:36 | Create | Villager (Male) |
| 27:37 | Create | Villager (Male) |
| 27:39 | Build | Farm |
| 27:56 | Create | Villager (Male) |
| 28:26 | Create | Villager (Male) |
| 28:26 | Create | Villager (Male) |
| 28:34 | Research | Husbandry |
| 28:41 | Build | Fish Trap |
| 28:42 | Build | Fish Trap |
| 28:42 | Build | Fish Trap |
| 28:43 | Build | Fish Trap |
| 28:47 | Create | Knight |
| 28:47 | Create | Knight |
| 28:54 | Build | Farm |
| 28:55 | Build | Farm |
| 28:57 | Create | Monk |
| 29:28 | Create | Monk |
| 29:51 | Create | Knight |
| 29:51 | Create | Knight |
| 29:56 | Create | Villager (Male) |
| 29:57 | Create | Villager (Male) |
| 29:59 | Research | Town Watch |
Build order — BOA
First 150 of 334 actions detected
| 0:16 | Build | Town Center |
| 0:55 | Build | Dock |
| 1:34 | Build | House |
| 2:33 | Create | Villager (Male) |
| 2:34 | Create | Villager (Male) |
| 2:34 | Create | Villager (Male) |
| 2:35 | Create | Villager (Male) |
| 2:38 | Create | Villager (Male) |
| 2:43 | Create | Villager (Male) |
| 2:59 | Create | Villager (Male) |
| 3:06 | Create | Villager (Male) |
| 3:10 | Create | Villager (Male) |
| 3:34 | Create | Fishing Ship |
| 3:59 | Create | Villager (Male) |
| 4:36 | Build | House |
| 4:54 | Research | Loom |
| 4:57 | Create | Fishing Ship |
| 5:14 | Create | Villager (Male) |
| 5:33 | Build | House |
| 5:42 | Create | Villager (Male) |
| 5:58 | Create | Villager (Male) |
| 6:10 | Create | Fishing Ship |
| 6:10 | Create | Fishing Ship |
| 6:19 | Create | Villager (Male) |
| 6:45 | Create | Villager (Male) |
| 6:51 | Create | Fishing Ship |
| 6:54 | Create | Villager (Male) |
| 7:01 | Create | Villager (Male) |
| 7:11 | Build | House |
| 7:36 | Create | Villager (Male) |
| 7:47 | Create | Fishing Ship |
| 7:53 | Create | Villager (Male) |
| 7:58 | Create | Villager (Male) |
| 8:33 | Build | Lumber Camp |
| 9:12 | Create | Villager (Male) |
| 9:27 | Research | Feudal Age |
| 10:33 | Build | Dock |
| 10:43 | Build | Mining Camp |
| 10:55 | Build | House |
| 11:04 | Create | Villager (Male) |
| 11:08 | Build | House |
| 11:26 | Build | Palisade Wall |
| 11:40 | Create | Villager (Male) |
| 11:47 | Build | House |
| 11:49 | Age | Feudal Age |
| 11:51 | Research | Double-Bit Axe |
| 11:55 | Create | Galley |
| 11:56 | Create | Galley |
| 12:00 | Create | Villager (Male) |
| 12:06 | Build | Dock |
| 12:17 | Create | Villager (Male) |
| 12:22 | Research | Loom |
| 12:27 | Build | Palisade Wall |
| 12:29 | Create | Villager (Male) |
| 12:31 | Create | Fishing Ship |
| 12:38 | Create | Transport Ship |
| 12:44 | Research | Tech 906 |
| 12:51 | Create | Villager (Male) |
| 12:54 | Create | Galley |
| 13:17 | Create | Villager (Male) |
| 13:20 | Create | Galley |
| 13:40 | Create | Galley |
| 13:44 | Create | Villager (Male) |
| 13:55 | Create | Galley |
| 13:58 | Create | Villager (Male) |
| 14:01 | Build | House |
| 14:06 | Build | House |
| 14:09 | Create | Villager (Male) |
| 14:24 | Create | Galley |
| 14:34 | Create | Galley |
| 14:55 | Create | Galley |
| 14:57 | Create | Villager (Male) |
| 15:01 | Create | Villager (Male) |
| 15:08 | Create | Galley |
| 15:33 | Build | Blacksmith |
| 15:53 | Create | Galley |
| 15:54 | Create | Galley |
| 16:36 | Create | Galley |
| 16:36 | Create | Galley |
| 16:36 | Create | Galley |
| 16:39 | Create | Villager (Male) |
| 16:39 | Create | Villager (Male) |
| 16:40 | Create | Villager (Male) |
| 16:42 | Build | House |
| 16:43 | Build | House |
| 16:45 | Build | House |
| 16:46 | Build | House |
| 16:47 | Build | House |
| 16:47 | Build | House |
| 16:47 | Build | House |
| 16:59 | Create | Unit 2626 |
| 17:13 | Create | Unit 2626 |
| 17:13 | Create | Unit 2626 |
| 17:13 | Create | Unit 2626 |
| 17:14 | Create | Unit 2626 |
| 17:21 | Research | Fletching |
| 17:30 | Create | Villager (Male) |
| 17:42 | Create | Villager (Male) |
| 17:51 | Create | Unit 2626 |
| 17:51 | Create | Unit 2626 |
| 17:51 | Create | Fishing Ship |
| 17:54 | Create | Villager (Male) |
| 17:59 | Create | Unit 2626 |
| 17:59 | Create | Unit 2626 |
| 17:59 | Create | Unit 2626 |
| 18:28 | Build | Mill |
| 18:30 | Build | Mill |
| 18:30 | Create | Villager (Male) |
| 18:33 | Create | Villager (Male) |
| 18:46 | Create | Unit 2626 |
| 18:47 | Create | Villager (Male) |
| 19:12 | Create | Unit 2626 |
| 19:12 | Create | Unit 2626 |
| 19:12 | Create | Unit 2626 |
| 19:36 | Build | Market |
| 19:56 | Create | Villager (Male) |
| 19:58 | Create | Villager (Male) |
| 20:37 | Create | Villager (Male) |
| 20:42 | Build | House |
| 20:47 | Build | Dock |
| 20:52 | Create | Villager (Male) |
| 20:59 | Build | House |
| 21:18 | Build | House |
| 21:47 | Build | House |
| 21:49 | Build | House |
| 21:51 | Build | House |
| 21:51 | Build | House |
| 21:52 | Build | House |
| 21:52 | Build | House |
| 21:55 | Build | Palisade Wall |
| 22:22 | Research | Castle Age |
| 23:00 | Create | Fishing Ship |
| 23:00 | Create | Fishing Ship |
| 23:01 | Create | Fishing Ship |
| 23:01 | Create | Fishing Ship |
| 23:01 | Create | Fishing Ship |
| 23:02 | Create | Fishing Ship |
| 23:02 | Create | Fishing Ship |
| 23:02 | Create | Fishing Ship |
| 23:23 | Create | Unit 2626 |
| 23:24 | Create | Unit 2626 |
| 23:35 | Build | Dock |
| 23:35 | Create | Villager (Male) |
| 23:43 | Build | Dock |
| 23:46 | Create | Villager (Male) |
| 23:51 | Build | House |
| 23:54 | Build | Mining Camp |
| 24:01 | Build | Palisade Gate |
| 24:08 | Build | Palisade Wall |
| 24:19 | Create | Unit 2626 |
Build order — dodo
First 150 of 280 actions detected
| 0:03 | Build | Town Center |
| 1:05 | Build | Dock |
| 1:08 | Build | House |
| 1:12 | Build | Palisade Wall |
| 1:15 | Build | Palisade Wall |
| 2:17 | Create | Villager (Male) |
| 2:17 | Create | Villager (Male) |
| 2:17 | Create | Villager (Male) |
| 2:17 | Create | Villager (Male) |
| 3:10 | Create | Fishing Ship |
| 3:34 | Create | Villager (Male) |
| 4:08 | Build | House |
| 4:15 | Create | Villager (Male) |
| 4:51 | Create | Villager (Male) |
| 4:51 | Create | Villager (Male) |
| 4:52 | Create | Fishing Ship |
| 5:12 | Create | Villager (Male) |
| 5:37 | Create | Fishing Ship |
| 5:42 | Create | Villager (Male) |
| 5:50 | Build | House |
| 6:04 | Create | Villager (Male) |
| 6:05 | Create | Villager (Male) |
| 6:31 | Create | Fishing Ship |
| 6:38 | Create | Villager (Male) |
| 6:39 | Create | Villager (Male) |
| 6:57 | Create | Villager (Male) |
| 7:08 | Create | Fishing Ship |
| 7:13 | Build | House |
| 7:20 | Create | Villager (Male) |
| 7:30 | Research | Loom |
| 7:41 | Create | Villager (Male) |
| 7:41 | Create | Villager (Male) |
| 7:41 | Create | Villager (Male) |
| 7:54 | Create | Villager (Male) |
| 8:16 | Create | Villager (Male) |
| 8:22 | Build | Settlement |
| 8:23 | Create | Villager (Male) |
| 9:11 | Research | Feudal Age |
| 9:54 | Create | Villager (Male) |
| 10:11 | Build | Settlement |
| 10:57 | Build | Barracks |
| 11:11 | Create | Villager (Male) |
| 11:21 | Age | Feudal Age |
| 11:51 | Build | Archery Range |
| 11:57 | Create | Villager (Male) |
| 11:57 | Create | Villager (Male) |
| 12:20 | Research | Double-Bit Axe |
| 12:32 | Create | Villager (Male) |
| 12:34 | Create | Archer |
| 12:34 | Create | Archer |
| 13:12 | Build | Blacksmith |
| 13:18 | Create | Archer |
| 13:18 | Create | Villager (Male) |
| 13:28 | Create | Villager (Male) |
| 13:47 | Create | Villager (Male) |
| 13:59 | Research | Fletching |
| 14:04 | Create | Villager (Male) |
| 14:11 | Build | Dock |
| 14:22 | Create | Villager (Male) |
| 14:23 | Create | Archer |
| 14:39 | Create | Archer |
| 14:55 | Create | Spearman |
| 15:00 | Create | Villager (Male) |
| 15:11 | Build | House |
| 15:14 | Build | Palisade Wall |
| 15:23 | Create | Archer |
| 15:34 | Build | Palisade Wall |
| 15:38 | Build | Palisade Wall |
| 16:03 | Create | Villager (Male) |
| 16:04 | Create | Villager (Male) |
| 16:19 | Create | Fishing Ship |
| 16:58 | Create | Villager (Male) |
| 17:06 | Build | Market |
| 17:30 | Research | Castle Age |
| 17:51 | Build | House |
| 18:06 | Research | Padded Archer Armor |
| 18:15 | Build | Settlement |
| 18:19 | Create | Archer |
| 18:19 | Create | Archer |
| 18:45 | Build | House |
| 18:48 | Build | Palisade Wall |
| 18:50 | Build | Palisade Wall |
| 18:50 | Build | Palisade Wall |
| 19:01 | Create | Archer |
| 19:16 | Build | House |
| 19:20 | Build | Palisade Wall |
| 19:37 | Build | Archery Range |
| 19:44 | Create | Villager (Male) |
| 19:45 | Research | Town Watch |
| 19:55 | Create | Archer |
| 20:10 | Age | Castle Age |
| 20:14 | Research | Elite Skirmisher (upgrade) |
| 20:19 | Research | Bodkin Arrow |
| 20:25 | Create | Villager (Male) |
| 20:34 | Build | House |
| 20:39 | Create | Archer |
| 20:39 | Create | Archer |
| 20:58 | Research | Crossbowman (upgrade) |
| 20:59 | Create | Archer |
| 21:02 | Create | Villager (Male) |
| 21:06 | Build | Town Center |
| 21:09 | Create | Villager (Male) |
| 21:16 | Create | Archer |
| 21:29 | Create | Archer |
| 21:29 | Create | Archer |
| 21:36 | Create | Villager (Male) |
| 21:40 | Build | University |
| 21:52 | Create | Archer |
| 21:52 | Create | Archer |
| 22:42 | Build | Farm |
| 22:43 | Build | Farm |
| 22:43 | Build | Farm |
| 22:43 | Build | Farm |
| 22:43 | Build | Farm |
| 22:44 | Build | Farm |
| 22:49 | Create | Archer |
| 22:50 | Create | Archer |
| 22:54 | Create | Villager (Male) |
| 22:54 | Create | Villager (Male) |
| 23:02 | Build | Farm |
| 23:18 | Create | Villager (Male) |
| 23:19 | Create | Archer |
| 23:19 | Create | Archer |
| 23:36 | Create | Villager (Male) |
| 23:52 | Create | Archer |
| 23:58 | Build | Siege Workshop |
| 24:06 | Create | Archer |
| 24:07 | Create | Archer |
| 24:08 | Create | Villager (Male) |
| 24:41 | Research | Ballistics |
| 24:45 | Create | Villager (Male) |
| 24:59 | Create | Villager (Male) |
| 25:30 | Create | Archer |
| 25:30 | Create | Archer |
| 25:31 | Create | Villager (Male) |
| 25:58 | Create | Villager (Male) |
| 26:02 | Build | Farm |
| 26:02 | Build | Farm |
| 26:03 | Build | Farm |
| 26:03 | Build | Farm |
| 26:03 | Build | Farm |
| 26:19 | Create | Archer |
| 26:19 | Create | Archer |
| 26:19 | Create | Archer |
| 26:31 | Create | Villager (Male) |
| 26:44 | Build | Farm |
| 26:47 | Build | Farm |
| 26:53 | Create | Archer |
| 26:53 | Create | Archer |
| 27:19 | Create | Villager (Male) |
Match timeline
| 0:17 | TheAntman · first_building Dock |
| 0:55 | BOA · first_building Dock |
| 1:05 | dodo · first_building Dock |
| 1:08 | Assmodey · first_building Dock |
| 1:12 | dodo · wall_segment Palisade Wall x1 |
| 1:15 | dodo · wall_segment Palisade Wall x1 |
| 10:57 | dodo · first_building Barracks |
| 11:21 | dodo · age_up feudal |
| 11:26 | BOA · wall_segment Palisade Wall x1 |
| 11:49 | BOA · age_up feudal |
| 11:51 | dodo · first_building Archery Range |
| 12:27 | BOA · wall_segment Palisade Wall x6 |
| 12:37 | Assmodey · first_building Barracks |
| 13:30 | TheAntman · age_up feudal |
| 14:01 | Assmodey · age_up feudal |
| 14:03 | Assmodey · first_building Stable |
| 14:14 | TheAntman · wall_segment Palisade Wall x1 |
| 14:23 | TheAntman · first_market_sell 100 food |
| 15:14 | dodo · wall_segment Palisade Wall x9 |
| 15:34 | dodo · wall_segment Palisade Wall x1 |
| 15:38 | dodo · wall_segment Palisade Wall x1 |
| 17:03 | TheAntman · age_up castle |
| 17:06 | TheAntman · first_building Castle |
| 18:34 | Assmodey · age_up castle |
| 18:41 | Assmodey · first_building Siege Workshop |
| 18:48 | dodo · wall_segment Palisade Wall x3 |
| 18:50 | dodo · wall_segment Palisade Wall x3 |
| 18:50 | dodo · wall_segment Palisade Wall x2 |
| 19:20 | dodo · wall_segment Palisade Wall x11 |
| 20:10 | dodo · age_up castle |
| 20:30 | Assmodey · first_building Monastery |
| 21:55 | BOA · wall_segment Palisade Wall x13 |
| 22:19 | BOA · first_market_buy 100 food |
| 22:21 | BOA · first_market_sell 100 wood |
| 22:53 | dodo · first_market_buy 100 food |
| 23:58 | dodo · first_building Siege Workshop |
| 24:08 | BOA · wall_segment Palisade Wall x4 |
| 24:38 | dodo · first_market_sell 100 stone |
| 25:02 | BOA · age_up castle |
| 26:03 | TheAntman · first_building Monastery |
| 26:34 | BOA · first_building Castle |
| 27:36 | TheAntman · first_building Barracks |
| 27:54 | dodo · first_building Castle |
| 28:29 | BOA · first_building Monastery |
| 28:43 | TheAntman · first_building Stable |
| 31:33 | Assmodey · first_building Castle |
| 33:07 | BOA · first_building Barracks |
| 33:49 | TheAntman · first_building Siege Workshop |
| 34:40 | BOA · first_building Stable |
| 35:23 | TheAntman · first_market_buy 100 wood |
| 36:04 | TheAntman · age_up imperial |
| 36:40 | Assmodey · age_up imperial |
| 37:00 | Assmodey · first_market_sell 100 food |
| 38:46 | BOA · age_up imperial |
| 40:20 | dodo · age_up imperial |
| 40:37 | BOA · resign |
[ AI ANALYSIS · 1 CREDIT ]
What really happened in this match?
Wolo.gg analyzes every decision: build order, eco, micro, common mistakes by bracket. Personalized analysis on WhatsApp or Discord in 30 seconds.
Civ guide
Slavs
Perfil
Jugador #339191